 Dungeon Crawl Stone Soup version 0.26-a0-1026-g544776af23 (webtiles) character file.

Game seed: 8234029687017376094

1800 sahdkjhfkaj the Insei (level 9, 0/54 HPs)
             Began as an Octopode Transmuter on Dec 9, 2020.
             Was an Initiate of Gozag.
             Slain by an orc warrior
             ... wielding a +0 short sword
              (20 damage)
             ... on level 7 of the Dungeon.
             The game lasted 00:08:12 (9223 turns).

sahdkjhfkaj the Insei (Octopode Transmuter)         Turns: 9223, Time: 00:08:13

Health: 0/54       AC:  1    Str: 10    XL:     9   Next: 9%
Magic:  10/16      EV: 15    Int: 18    God:    Gozag
Gold:   326        SH:  0    Dex: 12    Spells: 7/17 levels left

rFire    . . .     SeeInvis .     - Unarmed
rCold    . . .     Faith    .   (shield currently unavailable)
rNeg     . . .     Spirit   .   (helmet restricted)
rPois    +         Reflect  .   (no amulet)
rElec    .         Harm     .   (no ring)
rCorr    .         Rampage  .   (no ring)
Will     .....     Clarity  +   (no ring)
Stlth    ++........             (no ring)
HPRegen  0.18/turn              (no ring)
MPRegen  0.15/turn              (no ring)
                                (no ring)
                                (no ring)

@: confused, blade tentacles
A: almost no armour, stealthy swim, amphibious, 8 rings, constrict 8, camouflage
1, clarity, frail 1, poison resistance, wild magic 1, gelatinous body 1
a: End Transformation, Potion Petition, Call Merchant, Bribe Branch, Renounce
Religion


You were on level 7 of the Dungeon.
You worshipped Gozag.
Gozag was aware of your devotion.
You had blades for tentacles.
You visited 2 branches of the dungeon, and saw 8 of its levels.

You collected 412 gold pieces.
You paid 86 gold pieces to Gozag.

Inventory:

Jewellery
 f - an uncursed amulet of the acrobat {unknown}
 i - a cursed amulet of inaccuracy {unknown}
 k - an uncursed amulet of magic regeneration {unknown}
 l - an uncursed amulet of regeneration {unknown}
 o - an uncursed amulet of faith {unknown}
Wands
 p - a wand of flame (16)
Scrolls
 b - 5 scrolls of teleportation {@r3}
 c - a scroll of enchant weapon
 n - 6 scrolls of magic mapping
Potions
 d - 2 potions of flight
 e - a potion of berserk rage
 g - a potion of might {@q4}
 j - 2 potions of attraction
 m - a potion of degeneration {unknown}
 q - a potion of curing {unknown}
 r - a potion of ambrosia {unknown}
 t - a potion of cancellation {unknown}
 v - a potion of invisibility {unknown}


   Skills:
 + Level 5.2 Fighting
 + Level 5.2 Dodging
 + Level 5.2 Unarmed Combat
 + Level 4.9 Spellcasting
 + Level 5.2 Transmutations
 - Level 3.0 Ice Magic


You had 7 spell levels left.
You knew the following spells:

 Your Spells              Type           Power        Failure   Level
a - Beastly Appendage     Tmut           ####..       26%         1
A - Blade Hands           Tmut           ####......   87%         5
C - Ice Form              Ice/Tmut       ####....     75%         4

Your spell library contained the following spells:

 Spells                   Type           Power        Failure   Level
 Wereblood                Tmut           ####....     30%         2
 Animate Skeleton         Necr           #.....       63%         1
 Apportation              Tloc           #.....       63%         1
 Corona                   Hex            #......      63%         1
 Summon Small Mammal      Summ           #...         63%         1
 Spider Form              Tmut/Pois      ###.......   63%         3


Dungeon Overview and Level Annotations

Branches:
Dungeon (7/15)             Temple (1/1) D:6

Altars:
Ashenzari
Cheibriados
Fedhas
Gozag
Kikubaaqudgha
Okawaru
Qazlal
Ru
Trog
Uskayaw
Vehumet
Yredelemnul
Zin
The Shining One

Annotations:
D:6 exclusion: vampire


Innate Abilities, Weirdness & Mutations

You cannot wear most types of armour.
You are very stealthy in the water. (Stealth+)
You are amphibious.
You can wear up to eight rings at the same time.
You can use your tentacles to constrict eight enemies at once.
Your skin changes colour to match your surroundings (Stealth+).
Your rubbery body absorbs attacks. (AC +1, EV +1)
You possess an exceptional clarity of mind.
You are frail. (-10% HP)
Your system is resistant to poisons. (rPois)
Your spells are a little harder to cast, but a little more powerful.


Message History

The orc priest casts a cantrip, but nothing happens.
The orc warrior hits you with a +0 short sword!
* * * LOW HITPOINT WARNING * * *
You are too confused!
Okay, then.
Unknown command.
Unknown command.
You feel much better. The orc closely misses you.
The orc wizard gestures wildly while chanting.
The orc wizard flickers and vanishes!
Deactivating autopickup; reactivate with Ctrl-A.
The orc warrior hits you with a +0 short sword.
It was a potion of mutation.
You feel extremely strange.
You feel stupid.
You feel robust.
Your thoughts seem clearer.
You feel frail.
You feel resistant to poisons.
You feel less in control of your magic. The wight misses you.
The orc barely misses you.
The orc priest looks encouraged for a moment.
The orc warrior hits you with a +0 short sword!!
You die...
Your body crumbles into a pile of gold.

# ######
..##########....#
$...............#
................#
................+$
#.....o....)<..#
#...ozo@....$..#
..#....z........#
......zz........#
...................
........######....)
........# #......
........# #......
......... ....


You could see an orc warrior, 4 wights, an orc priest and an orc.

Vanquished Creatures
  Grinder (D:6)
  The ghost of iamoutofideas the Magician, an amateur DEFE (D:4)
  2 sky beasts
  An ice beast (D:6)
  A centaur (D:5)
  An ogre (D:4)
  2 bullfrogs (D:6)
  2 scorpions (D:4)
  A wight (D:7)
  A howler monkey (D:4)
  A centaur zombie (D:5)
  3 hounds
  A centaur skeleton (D:4)
  2 jellies
  Jessica (D:3)
  2 iguanas
  3 orc wizards
  3 worker ants
  A killer bee zombie (D:4)
  2 hound skeletons (D:7)
  A howler monkey zombie (D:4)
  A gnoll (D:4)
  2 howler monkey skeletons
  7 adders
  A shadow imp (D:6)
  A white imp (D:5)
  An ufetubus (D:6)
  An ooze (D:4)
  An adder zombie (D:7)
  3 worms
  2 adder skeletons
  A dart slug (D:1)
  4 leopard geckos
  16 orcs
  11 giant cockroaches
  3 goblins
  8 hobgoblins
  7 jackals
  11 kobolds
  5 quokkas
  3 ball pythons
  8 bats
  5 frilled lizards
  A jackal skeleton (D:4)
  5 rats
141 creatures vanquished.

Notes
Turn   | Place    | Note
-------+----------+-------------------------------------------
     0 | D:1      | sahdkjhfkaj the Octopode Transmuter began the quest for the
                  | Orb.
     0 | D:1      | Reached XP level 1. HP: 13/13 MP: 3/3
   415 | D:1      | Reached XP level 2. HP: 19/19 MP: 5/5
   920 | D:2      | Reached XP level 3. HP: 24/26 MP: 6/6
  1888 | D:2      | Reached XP level 4. HP: 31/31 MP: 7/7
  2131 | D:2      | Found a bloodstained altar of Trog.
  2606 | D:3      | Learned a level 4 spell: Ice Form
  2686 | D:3      | Noticed Jessica
  2694 | D:3      | Killed Jessica
  2901 | D:3      | Reached XP level 5. HP: 36/36 MP: 3/8
  3784 | D:4      | You fall into a shaft and drop 2 floors!
  3845 | D:5      | Entered Level 5 of the Dungeon
  3902 | D:5      | Noticed a centaur
  3918 | D:5      | Killed a centaur
  3970 | D:5      | Reached XP level 6. HP: 8/42 MP: 5/10
  4220 | D:5      | Learned a level 5 spell: Blade Hands
  4643 | D:5      | Noticed a sky beast
  4694 | D:5      | Killed a sky beast
  4695 | D:5      | Reached XP level 7. HP: 16/46 MP: 2/12
  5740 | D:4      | Found a runed translucent gate.
  5790 | D:4      | Found a runed translucent gate.
  5791 | D:4      | Found a runed translucent gate.
  5796 | D:4      | Noticed iamoutofideas's ghost (amateur DEFE)
  5947 | D:4      | Killed iamoutofideas's ghost
  5962 | D:4      | HP: 2/47 [centaur skeleton (7)]
  6340 | D:4      | Reached XP level 8. HP: 48/54 MP: 7/13
  7511 | D:6      | Found a staircase to the Ecumenical Temple.
  7520 | Temple   | Entered the Ecumenical Temple
  7761 | Temple   | Became a worshipper of Gozag Ym Sagoz the Greedy
  8147 | D:6      | Gained mutation: Your mind is acute. (Int +2) [mutagenic
                  | glow]
  8164 | D:6      | Gained mutation: You are frail. (-10% HP) [mutagenic glow]
  8626 | D:6      | Noticed a vampire
  8704 | D:6      | Noticed Grinder
  8718 | D:6      | Paralysed by Grinder for 3 turns
  8725 | D:6      | Killed Grinder
  8726 | D:6      | Reached skill level 5 in Fighting
  8726 | D:6      | Reached skill level 5 in Dodging
  8726 | D:6      | Reached skill level 5 in Unarmed Combat
  8726 | D:6      | Reached skill level 5 in Transmutations
  8982 | D:6      | Reached XP level 9. HP: 51/54 MP: 12/16
  9223 | D:7      | Lost mutation: Your mind is acute. (Int +2) [potion of
                  | mutation]
  9223 | D:7      | Lost mutation: You are frail. (-10% HP) [potion of
                  | mutation]
  9223 | D:7      | Gained mutation: You possess an exceptional clarity of
                  | mind. [potion of mutation]
  9223 | D:7      | Gained mutation: You are frail. (-10% HP) [potion of
                  | mutation]
  9223 | D:7      | Gained mutation: Your system is resistant to poisons.
                  | (rPois) [potion of mutation]
  9223 | D:7      | Gained mutation: Your spells are a little harder to cast,
                  | but a little more powerful. [potion of mutation]
  9223 | D:7      | Slain by an orc warrior

Illustrated notes

Levels and vault maps discovered:
D:1:      dpeg_arrival_simpleton_a, layout_basic, minivault_24,
          minmay_tetromino_o2
D:2:      layout_rooms, lightli_temple_of_fire, serial_co_window_serial,
          co_window_paths_b, co_window_of_opportunity_a, co_window_corner_a,
          co_window_corner_a, co_window_paths_a, co_window_unsneaky_path_c,
          co_window_broadway_b, co_window_paths_c, glass_columns_a
D:3:      layout_basic, kennysheep_jessica_study
D:4:      minmay_octagon_keep, layout_loops_ring, gammafunk_ghost_necromancy
D:5:      layout_cave_pools
D:6:      layout_basic, minmay_temple_entry_junction, dk_noncrumbling_3,
          uniq_grinder
D:7:      layout_basic, riverfiend_overflow_shadow_ancestor,
          nicolae_ossuary_entry_catacombs, serial_shops, nicolae_shop_trees
Temple:   oiseaux_autumnal_temple

Skill      XL: |  1  2  3  4  5  6  7  8 |
---------------+-------------------------+-----
Fighting       | 2 3 4 5 |  5.2
Dodging        | 3 4 5 |  5.2
Transmutations | 3 4 5 |  5.2
Spellcasting   | 3 4 |  4.9
Ice Magic      | 2 3 |  3.0
Unarmed Combat | 4 5 |  5.2

Action                   |  1- 3 |  4- 6 |  7- 9 || total
-------------------------+-------+-------+-------++-------
Melee: Unarmed           |    96 |   115 |   172 ||   383
       Constrict         |    23 |    21 |    33 ||    77
       Tentacles         |     6 |    12 |    18 ||    36
       Punch             |     3 |     2 |     4 ||     9
       Kick              |       |     1 |       ||     1
 Cast: Ice Form          |       |     6 |     5 ||    11
       Beastly Appendage |       |     1 |     1 ||     2
       Blade Hands       |       |     2 |    14 ||    16
  Use: Scroll            |       |     2 |     9 ||    11
       Potion            |       |     2 |     5 ||     7
 Stab: Sleeping          |     7 |     3 |     3 ||    13
Armor: Skin              |     8 |    20 |    18 ||    46
Dodge: Dodged            |    67 |    69 |   115 ||   251

Table legend: (Time is in decaauts)
 A = Elapsed time spent in this place.
 B = Non-inter-level travel time spent in this place.
 C = Inter-level travel time spent in this place.
 D = Time resting spent in this place.
 E = Time spent auto-exploring this place.
 F = Levels seen in this place.
 G = Mean time per level.
                   A        B        C        D        E       F      G
               +--------+--------+--------+--------+--------+-----+--------+
         Total |   9200 |   9029 |    171 |   1529 |   6517 |   8 | 1150.0 |
       Dungeon |   8924 |   8798 |    126 |   1529 |   6288 |   7 | 1274.9 |
        Temple |    276 |    231 |     45 |      0 |    229 |   1 |  276.0 |
               +--------+--------+--------+--------+--------+-----+--------+

Top non-repeatable levels by time:
     D:4: 1881 daAuts
     D:5: 1628 daAuts
     D:6: 1564 daAuts
     D:2: 1511 daAuts
     D:3: 1291 daAuts
     D:1: 908 daAuts
  Temple: 276 daAuts
     D:7: 138 daAuts
